 Dungeon Crawl Stone Soup version 0.29.1-1-gd02db6906a (webtiles) character file.

Game seed: 1893106000238000794

584 funkygono the Firebug (level 7, -29/38 HPs)
             Began as a Gargoyle Fire Elementalist on Sept 16, 2022.
             Was a Follower of Vehumet.
             Annihilated by a large slime creature (35 damage)
             ... on level 5 of the Dungeon.
             The game lasted 00:09:40 (4994 turns).

funkygono the Firebug (Gargoyle Fire Elementalist)  Turns: 4994, Time: 00:09:41

Health: -29/38     AC: 11    Str: 12    XL:     7   Next: 37%
Magic:  18/22      EV: 12    Int: 17    God:    Vehumet [*.....]
Gold:   355        SH:  0    Dex: 10    Spells: 2/14 levels left

rFire   . . .      SeeInvis .   y - +2 morningstar (protect)
rCold   . . .      Faith    .   (no shield)
rNeg    + . .      Spirit   .   a - +0 robe
rPois   ∞          Reflect  .   (no helmet)
rElec   +          Harm     .   (no cloak)
rCorr   .          Rampage  .   (no gloves)
Will    .....                   j - +0 pair of boots
Stlth   ++........              (no amulet)
HPRegen 0.12/turn               e - +4 ring of protection
MPRegen 0.18/turn               i - ring of magical power

@: no status effects
A: sickness immunity, AC +4, negative energy resistance 1, electricity
resistance, torment resistance 1, petrification resistance
a: Renounce Religion


You were on level 5 of the Dungeon.
You worshipped Vehumet.
Vehumet was aware of your devotion.
You visited 1 branch of the dungeon, and saw 5 of its levels.

You collected 355 gold pieces.

Inventory:

Hand Weapons
 k - a +0 mace
 l - a +0 whip
 y - a +2 morningstar of protection (weapon)
Armour
 a - a +0 robe (worn)
 f - a scarf of shadows
 j - a +0 pair of boots (worn)
 A - a +4 ring mail of willpower
Jewellery
 e - a +4 ring of protection (left hand)
 g - a +6 ring of strength
 i - a ring of magical power (right hand)
 v - a +4 ring of evasion
 B - a +6 ring of dexterity
Wands
 o - a wand of charming (24)
 u - a wand of quicksilver (2)
Scrolls
 c - 2 scrolls of teleportation
 p - a scroll of blinking {unknown}
Potions
 b - 2 potions of magic
 d - a potion of resistance
 h - a potion of attraction
 m - a potion of brilliance {unknown}
 n - a potion of heal wounds {unknown}
 q - 2 potions of mutation {unknown}
 r - 3 potions of curing
 w - a potion of degeneration {unknown}
 x - 2 potions of might {unknown}
 z - a potion of ambrosia {unknown}


   Skills:
 + Level 1.1 Fighting
 + Level 1.8 Maces & Flails
 + Level 2.3 Dodging
 - Level 2.1 Stealth
 + Level 4.3 Spellcasting
 + Level 3.4 Conjurations
 + Level 5.2 Fire Magic


You had 2 spell levels left.
You knew the following spells:

 Your Spells              Type           Power      Damage    Failure   Level
a - Foxfire               Conj/Fire      72%        2x1d7     2%          1
b - Scorch                Fire           42%        2d7       2%          2
c - Conjure Flame         Conj/Fire      18%        6-21      8%          3
d - Flame Wave            Conj/Fire      18%        2d7       26%         4
e - Magic Dart            Conj           60%        1d6       3%          1
f - Sandblast             Erth           6%         2d5       16%         1

Your spell library contained the following spells:

 Spells                   Type           Power      Damage    Failure   Level
 Call Imp                 Summ           3%         N/A       22%         2
 Inner Flame              Hex/Fire       12%        N/A       16%         3
 Mephitic Cloud           Conj/Pois/Air  7%         N/A       28%         3
 Gell's Gravitas          Tloc           3%         N/A       41%         3
 Lesser Beckoning         Tloc           3%         N/A       41%         3
 Teleport Other           Tloc           3%         N/A       41%         3


Dungeon Overview and Level Annotations

Branches:
Dungeon (5/15)
 Temple: D:4-7

Altars:
Ashenzari
Elyvilon
Fedhas
Okawaru
Sif Muna
Uskayaw
Vehumet
Wu Jian
Yredelemnul

Shops:
D:4 :


Innate Abilities, Weirdness & Mutations

You are immune to sickness and miasma.
Your stone body is resilient. (AC +4)
You are immune to poison.
You resist negative energy. (rN+)
You are resistant to electric shocks. (rElec)
You are resistant to unholy torment.
You are immune to petrification.


Message History

Vehumet accepts your kill.
Vehumet offers you knowledge of Sandblast.
Things that are here:
a +0 dagger; 3 poisoned darts; a kobold corpse
Okay, then.
Memorise Sandblast, consuming 1 spell level and leaving 2?
Vehumet grants you knowledge of Sandblast.
You start memorising the spell.
You continue memorising.
You finish memorising.
You add the spell Sandblast to your library.
Spell assigned to 'f'.
As you open the door, it creaks loudly!
A jelly and a slime creature come into view.
The jelly quivers.
An endoplasm comes into view.
A slime creature comes into view.
Two slime creatures merge to form a large slime creature.
Casting: Foxfire (safe; 2% risk of failure)
Confirm with . or Enter, or press ? or * to list all spells.
Flames lash the large slime creature.
The large slime creature is lightly wounded.
The large slime creature's fire resistance burns away.
Casting: Scorch (safe; 2% risk of failure)
Confirm with . or Enter, or press ? or * to list all spells.
Flames lash the large slime creature.
The large slime creature is burned terribly!
The large slime creature is lightly wounded.
The large slime creature hits you!!
Ouch! That really hurt!
The large slime creature attacks as you move away!
The large slime creature hits you!
* * * LOW HITPOINT WARNING * * *
Things that are here:
a +0 dagger; 3 poisoned darts; a kobold corpse The large slime creature attacks as you move away!
The large slime creature hits you but does no damage.
A jelly comes into view.
The large slime creature attacks as you move away!
The large slime creature hits you!!
Ouch! That really hurt!
You die...

### ##.#######
#.#.#....#####
#@#.#.....##.#####
#J#'#......'.....#
#)#........'......
#J#........'......
#J#.......##......
..P.JPJ##......###......
...J..# ###########....#
###### #######.#....#
#######.....#.......


You could see a large slime creature (combustible), 2 jellies and an endoplasm.

Vanquished Creatures
  A phantom (D:5)
  2 kobold brigands (D:5)
  2 hounds (D:5)
  An orc priest (D:5)
  A jelly (D:4)
  Jessica (D:3)
  Terence (D:3)
  2 iguanas (D:4)
  An orc wizard (D:5)
  3 adders
  A worm (D:3)
  4 dart slugs
  8 orcs
  7 ball pythons
  8 endoplasms
  7 giant cockroaches
  2 goblins
  5 hobgoblins
  4 jackals (D:3)
  11 kobolds
  4 quokkas
  5 bats (D:1)
  A frilled lizard (D:3)
  4 rats
86 creatures vanquished.

Vanquished Creatures (others)
  257 foxfires
  9 toadstools (D:5)
266 creatures vanquished.

Grand Total: 352 creatures vanquished

Notes
Turn   | Place    | Note
-------+----------+-------------------------------------------
     0 | D:1      | funkygono the Gargoyle Fire Elementalist began the quest
                  | for the Orb.
     0 | D:1      | Reached XP level 1. HP: 10/10 MP: 3/3
   176 | D:1      | Reached XP level 2. HP: 15/15 MP: 1/5
   490 | D:1      | Learned a level 2 spell: Scorch
   555 | D:1      | Found a faded altar of an unknown god.
   971 | D:2      | Reached XP level 3. HP: 19/19 MP: 6/6
   981 | D:2      | Learned a level 3 spell: Conjure Flame
  1184 | D:2      | Found a white marble altar of Elyvilon.
  1885 | D:3      | Found a hide-covered altar of Uskayaw.
  1887 | D:3      | Found a radiant altar of Vehumet.
  1888 | D:3      | Found a basalt altar of Yredelemnul.
  1890 | D:3      | Became a worshipper of Vehumet
  2023 | D:3      | You fall into a shaft and drop 2 floors!
  2023 | D:5      | Entered Level 5 of the Dungeon
  2063 | D:5      | Found an ornate altar of the Wu Jian Council.
  2109 | D:5      | Reached XP level 4. HP: 24/24 MP: 8/8
  2232 | D:4      | Reached skill level 4 in Fire Magic
  2595 | D:3      | Found a blossoming altar of Fedhas.
  2629 | D:3      | Found an iron altar of Okawaru.
  2677 | D:3      | Noticed Jessica
  2684 | D:3      | Killed Jessica
  2685 | D:3      | Reached XP level 5. HP: 28/28 MP: 9/9
  2685 | D:3      | Noticed Terence
  2698 | D:3      | Killed Terence
  2916 | D:3      | Found a shimmering blue altar of Sif Muna.
  3114 | D:3      | Reached * piety under Vehumet
  3114 | D:3      | Offered knowledge of Magic Dart by Vehumet.
  3469 | D:4      | Found Domee's Book Boutique.
  3571 | D:4      | Learned a level 4 spell: Flame Wave
  3769 | D:4      | Reached XP level 6. HP: 19/33 MP: 10/11
  3771 | D:4      | Learned a level 1 spell: Magic Dart
  4234 | D:5      | Reached skill level 1 in Maces & Flails
  4302 | D:5      | Found a broken altar of Ashenzari.
  4583 | D:5      | Reached skill level 5 in Fire Magic
  4718 | D:5      | Reached XP level 7. HP: 21/37 MP: 12/13
  4724 | D:5      | Reached skill level 1 in Fighting
  4981 | D:5      | Offered knowledge of Sandblast by Vehumet.
  4985 | D:5      | Learned a level 1 spell: Sandblast
  4987 | D:5      | Noticed a slime creature
  4987 | D:5      | Noticed a slime creature
  4994 | D:5      | Annihilated by a large slime creature

Illustrated notes

Levels and vault maps discovered:
D:1:      amcnicky_arrival_double_pillar, layout_rooms,
          shapermc_ecumenical_altar_petra
D:2:      layout_basic, basic_altar
D:3:      wad_crossroads, layout_rooms, mainiacjoe_overflow_catwalk,
          fedhas_altar_4, tgw_sif, minitemple, uniq_jessica, uniq_terence
D:4:      layout_basic, serial_shops, nicolae_stop_n_shop_2
D:5:      cheibrodos_fertilizer, layout_gridville, nzn_wu_jian_contemplation,
          ashenzari_conservatory_becter

Skill      XL: |  1  2  3  4  5  6  7 |
---------------+----------------------+-----
Dodging        | 2 |  2.3
Fire Magic     | 4 5 |  5.2
Conjurations   | 2 3 |  3.4
Spellcasting   | 3 4 |  4.3
Maces & Flails | 1 |  1.8
Fighting       | 1 |  1.1
Stealth        | |  2.1

Action                   |  1- 3 |  4- 6 |  7- 9 || total
-------------------------+-------+-------+-------++-------
Melee: Unarmed           |    10 |       |       ||    10
       Club              |     2 |       |       ||     2
       Punch             |     1 |       |       ||     1
       Whip              |     6 |    12 |       ||    18
       Morningstar       |       |    28 |     1 ||    29
 Cast: Foxfire           |    59 |    86 |    10 ||   155
       Scorch            |     4 |    19 |     2 ||    25
  Use: Scroll            |     2 |     5 |       ||     7
 Stab: Sleeping          |       |     3 |       ||     3
Armor: Robe              |    14 |    32 |     1 ||    47
Dodge: Dodged            |    12 |    60 |     2 ||    74
